 Dungeon Crawl Stone Soup version 0.23-a0-33-g1e3a2e4e2f (webtiles) character file.

18724 RedPan the Grappler (level 12, -3/120 HPs)
             Began as a Troll Monk on Aug 5, 2018.
             Was a High Priest of Yredelemnul.
             Slain by a 13-headed hydra (8 damage)
             ... on level 3 of the Lair of Beasts.
             The game lasted 00:24:12 (11774 turns).

RedPan the Grappler (Troll Monk)                   Turns: 11774, Time: 00:24:12

Health: -3/120     AC:  8    Str: 22    XL:     12   Next: 30%
Magic:  17/17      EV: 18    Int:  6    God:    Yredelemnul [*****.]
Gold:   827        SH:  0    Dex: 16    Spells: 11/11 levels left

rFire    + . .     SeeInvis +     - Unarmed
rCold    + . .     Gourm    +   (no shield)
rNeg     . . .     Faith    .   k - +2 robe {MR+}
rPois    +         Spirit   .   Q - +1 hat {SInv}
rElec    .         Reflect  .   g - scarf {rC+ rF+}
rCorr    .         Harm     .   (gloves unavailable)
MR       +....                  (boots unavailable)
Stlth    ++........             O - amulet of regeneration
HPRegen  1.10/turn              f - +3 ring of evasion
MPRegen  0.15/turn              H - ring of poison resistance

@: hasted, studying Armour, very quick
A: large, unfitting armour, claws 3, fast metabolism 3, gourmand, regeneration
1, shaggy fur 1, tough skin 2
a: Recall Undead Slaves, Injury Mirror, Animate Dead, Drain Life, Enslave Soul,
Renounce Religion


You were on level 3 of the Lair of Beasts.
You worshipped Yredelemnul.
Yredelemnul was extremely pleased with you.
You were very hungry.

You visited 2 branches of the dungeon, and saw 14 of its levels.
You also visited: Labyrinth.

You collected 827 gold pieces.

Inventory:

Armour
 g - a scarf of resistance (worn)
 k - a +2 robe of magic resistance (worn)
 n - a +2 robe of resistance
 s - a +1 robe of fire resistance
 Q - a +1 hat of see invisible (worn)
Jewellery
 f - a +3 ring of evasion (left claw)
 h - an uncursed amulet of guardian spirit
 p - an uncursed ring of protection from cold
 r - an uncursed ring of wizardry
 C - an uncursed ring of resist corrosion
 H - a ring of poison resistance (right claw)
 O - an amulet of regeneration (around neck)
 R - an uncursed ring of protection from fire
 S - an uncursed ring of magical power
Wands
 d - a wand of flame (32)
 m - a wand of iceblast (14)
 u - a wand of random effects (46)
 w - a wand of acid (7)
 y - a wand of digging (26)
 N - a wand of polymorph (18)
Scrolls
 e - 3 scrolls of remove curse
 q - a scroll of blinking
 x - a scroll of magic mapping
 A - 5 scrolls of teleportation
 D - a scroll of enchant armour
 F - 2 scrolls of amnesia
 G - a scroll of fog
 I - a scroll of summoning
 J - 2 scrolls of brand weapon {unknown}
 K - 3 scrolls of identify
 L - a scroll of fear
Potions
 a - 4 potions of curing
 c - 3 potions of brilliance
 i - 3 potions of cancellation
 j - 3 potions of haste
 l - a potion of flight {unknown}
 o - 3 potions of lignification {unknown}
 t - a potion of agility {unknown}
 v - a potion of berserk rage {unknown}
 z - 2 potions of magic {unknown}
 B - a potion of invisibility {unknown}
 E - 2 potions of ambrosia {unknown}
 P - a potion of might {unknown}
Books
 M - a manual of Armour
Comestibles
 b - 35 rations


   Skills:
 + Level 8.3 Fighting
 + Level 8.2 Dodging
 - Level 1.0 Stealth
 * Level 13.1 Unarmed Combat
 + Level 8.0 Invocations


You had 11 spell levels left.
You didn't know any spells.
Your spell library contained the following spells:

 Spells                   Type           Power        Failure   Level  Hunger
 Bolt of Magma            Conj/Fire/Erth #.........   100%        5    ######.
 Bolt of Draining         Conj/Necr      #.........   100%        5    ######.
 Pain                     Necr           #...         45%         1    ##.....
 Summon Ice Beast         Ice/Summ       #.......     99%         4    #####..
 Dispel Undead            Necr           #.......     100%        5    ######.
 Regeneration             Chrm/Necr      #.........   83%         3    ####...
 Sublimation of Blood     Necr           #.........   58%         2    ###....
 Corpse Rot               Necr           N/A          58%         2    ###....
 Iron Shot                Conj/Erth      #.........   100%        6    #######
 Agony                    Necr           #.......     100%        5    ######.
 Statue Form              Tmut/Erth      #........    100%        6    #######
 Call Canine Familiar     Summ           #.......     83%         3    ####...
 Summon Butterflies       Summ           #.......     45%         1    ##.....
 Shatter                  Erth           #.........   100%        9    #######
 Simulacrum               Ice/Necr       #.........   100%        6    #######
 Excruciating Wounds      Chrm/Necr      #.........   100%        5    ######.
 Leda's Liquefaction      Hex/Erth       #.........   99%         4    #####..
 Summon Hydra             Summ           #.........   100%        7    #######
 Summon Mana Viper        Hex/Summ       #.......     100%        5    ######.


Dungeon Overview and Level Annotations

Branches:
Dungeon (11/15)            Temple (0/1) D:4            Lair (3/6) D:11
  Swamp (0/4) Lair:3       Spider (0/4) Lair:2
    Orc: D:9-12

Altars:
Kikubaaqudgha
Uskayaw
Vehumet
Yredelemnul
Zin

Shops:
D:6 }   D:8 (


Innate Abilities, Weirdness & Mutations

You are too large for most types of armour.
You have claws for hands.
Your metabolism is lightning-fast.
You like to eat raw meat.
Your natural rate of healing is unusually fast.
You are covered in fur. (AC +1)
You have very tough skin. (AC +2)


Message History

You tear one of the ten-headed hydra's heads off!
The nine-headed hydra grows two more!
You mangle the 11-headed hydra!!
The 11-headed hydra is heavily wounded.
Your wraith hits the 11-headed hydra!
Your wraith drains the 11-headed hydra's vigour!
The 11-headed hydra seems to slow down.
You claw one of the 11-headed hydra's heads off!
The ten-headed hydra grows two more!
You claw the 12-headed hydra!
The 12-headed hydra is severely wounded.
Unknown command.
You claw one of the 12-headed hydra's heads off!
The 11-headed hydra grows two more!
You mangle the 13-headed hydra!!
The 13-headed hydra is almost dead.
The 13-headed hydra bites you!
* * * LOW HITPOINT WARNING * * *
The 13-headed hydra completely misses you.
The 13-headed hydra misses you.
The 13-headed hydra closely misses you. x2
The 13-headed hydra barely misses you. The 13-headed hydra bites you!
You die...
Your body rises from the dead as a mindless zombie.

.# # #### #.###
P##.#.#P.#..P
.....PP)... ##....%....
#...... ..# #.?#DP+##.#
#...W@..#.#
##.#......##
#.......$..#######
##......#.........
#.#..............
#§♣§≈§....)...####
#.§≈§≈§≈♣.....####
♣♣≈§§§§≈♣♣.....#.#
....♣≈≈≈§§§§≈≈♣....P.#.


You could see a 13-headed hydra and a friendly wraith.

Vanquished Creatures
  A minotaur (Lab)
  A two-headed ogre (D:9)
  An unseen horror (D:10)
  A deep elf mage (D:11)
  An ugly thing (D:11)
  A manticore (D:11)
  4 spiny frogs
  A rime drake (Lair:3)
  A kobold demonologist (D:10)
  A komodo dragon (Lair:2)
  A troll (D:11)
  Prince Ribbit (D:5)
  A blink frog (Lair:3)
  A hippogriff (D:9)
  8 yaks
  A wyvern (D:8)
  Sigmund (D:3)
  A human (D:7)
  Eustachio (D:4)
  A hungry ghost (D:9)
  3 hogs (D:7)
  Duvessa (D:5)
  2 porcupines
  4 orc warriors
  An ice beast (D:8)
  3 sky beasts
  A black bear (D:8)
  A phantom (D:4)
  3 ogres
  2 centaurs
  6 bullfrogs
  A big kobold (D:8)
  A gnoll sergeant (D:9)
  A wyvern zombie (D:7)
  Dowan (D:5)
  A wyvern skeleton (D:11)
  A water moccasin skeleton (D:7)
  2 scorpions
  15 killer bees (D:11)
  A spriggan skeleton (Lab)
  A troll skeleton (Lab)
  2 vampire bats (D:3)
  2 howler monkeys
  3 crimson imps (D:11)
  A bullfrog zombie (D:9)
  6 hounds
  A quasit (D:11)
  4 orc priests
  3 jellies
  4 bullfrog skeletons
  8 orc wizards
  A centaur skeleton (Lab)
  Jessica (D:3)
  5 iguanas
  4 worker ants
  A wolf simulacrum (Lair:2)
  A yak simulacrum (Lair:2)
  2 polar bear simulacra (Lair:2)
  A killer bee zombie (D:8)
  A centaur simulacrum (D:11)
  An ogre skeleton (Lab)
  2 hound skeletons
  Robin (D:3)
  12 gnolls
  6 adders
  3 shadow imps
  2 oozes
  An adder skeleton (D:7)
  An adder zombie (D:8)
  7 worms
  2 dart slugs
  7 leopard geckos
  28 orcs
  A bat skeleton (D:3)
  3 bat zombies (D:3)
  4 giant cockroaches
  14 hobgoblins
  9 jackals
  3 quokkas
  A ball python (D:1)
  7 bats
  6 frilled lizards
  A giant cockroach zombie (D:5)
  12 goblins
  11 kobolds
  A leopard gecko skeleton (D:7)
  7 rats
  2 river rat simulacra (Lair:2)
  A fungus (D:11)
  A plant (Lair:1)
290 creatures vanquished.

Vanquished Creatures (collateral kills)
  Gastronok (Lair:2)
  3 two-headed ogres
  An unseen horror (D:10)
  A necromancer (Lair:2)
  An oklob plant (Lair:1)
  An ugly thing (D:11)
  A cyclops (D:11)
  A jumping spider (Lair:2)
  A blink frog (Lair:3)
  2 hippogriffs
  A vampire (D:10)
  2 basilisks (Lair:2)
  5 yaks
  2 porcupines
  A necrophage (D:10)
  An ogre (D:9)
  3 bullfrogs
  A scorpion (D:9)
  6 killer bees
  A hound (D:10)
  2 jellies
  An orc priest (D:6)
  2 orc wizards
  A centaur skeleton (D:9)
  A worker ant (D:9)
  2 polar bear simulacra (Lair:2)
  2 wolf simulacra (Lair:2)
  3 gnolls
  A shadow imp (D:7)
  A leopard gecko (D:9)
  6 orcs (D:11)
  3 jackals
  2 quokkas
  A river rat simulacrum (Lair:2)
  6 fungi
  3 plants
73 creatures vanquished.

Vanquished Creatures (others)
  6 flying skulls
  A wight (Lair:1)
  2 killer bee zombies (D:11)
  A hound zombie (D:6)
  2 mummies (D:10)
  3 gnolls (D:6)
  2 orc zombies
  A worm (D:6)
  A kobold (D:3)
  A kobold zombie (D:8)
20 creatures vanquished.

Grand Total: 383 creatures vanquished

Notes
Turn   | Place    | Note
-------+----------+-------------------------------------------
     0 | D:1      | RedPan the Troll Monk began the quest for the Orb.
     0 | D:1      | Reached XP level 1. HP: 22/22 MP: 0/0
   312 | D:1      | Reached XP level 2. HP: 29/29 MP: 1/1
   840 | D:2      | Reached XP level 3. HP: 20/36 MP: 2/2
   857 | D:2      | Reached skill level 4 in Unarmed Combat
   979 | D:2      | Reached XP level 4. HP: 42/44 MP: 3/3
  1596 | D:3      | Reached XP level 5. HP: 20/53 MP: 1/4
  1609 | D:3      | HP: 1/53 [orc priest/nerve-wracking pain (9)]
  1626 | D:3      | Reached skill level 5 in Unarmed Combat
  1727 | D:3      | Noticed Robin
  1741 | D:3      | Killed Robin
  1771 | D:3      | Reached XP level 6. HP: 59/61 MP: 5/5
  1825 | D:3      | Found a basalt altar of Yredelemnul.
  1872 | D:3      | Became a worshipper of Yredelemnul the Dark
  1872 | D:3      | Reached * piety under Yredelemnul
  1872 | D:3      | Reached ** piety under Yredelemnul
  1923 | D:3      | Noticed Jessica
  1932 | D:3      | Killed Jessica
  2043 | D:3      | Found an ancient bone altar of Kikubaaqudgha.
  2096 | D:3      | Found a radiant altar of Vehumet.
  2237 | D:3      | Noticed Sigmund
  2245 | D:3      | Killed Sigmund
  2245 | D:3      | Reached skill level 1 in Invocations
  2245 | D:3      | Reached XP level 7. HP: 53/68 MP: 4/7
  2472 | D:4      | Reached skill level 6 in Unarmed Combat
  2480 | D:4      | Found a staircase to the Ecumenical Temple.
  2752 | D:4      | Noticed Eustachio
  2766 | D:4      | Killed Eustachio
  2981 | D:4      | Reached *** piety under Yredelemnul
  3089 | D:4      | Reached XP level 8. HP: 66/79 MP: 4/8
  3312 | D:5      | Entered Level 5 of the Dungeon
  3322 | D:5      | Noticed Prince Ribbit
  3452 | D:5      | Reached skill level 7 in Unarmed Combat
  3553 | D:5      | Noticed Duvessa
  3557 | D:5      | Noticed Dowan
  3563 | D:5      | Killed Duvessa
  3569 | D:5      | Killed Dowan
  3835 | D:5      | Killed Prince Ribbit
  4008 | D:5      | Reached skill level 8 in Unarmed Combat
  4114 | D:6      | Found a hide-covered altar of Uskayaw.
  4131 | D:6      | Reached skill level 5 in Fighting
  4131 | D:6      | Reached skill level 5 in Dodging
  4215 | D:6      | Reached XP level 9. HP: 78/88 MP: 10/10
  4266 | D:6      | Received a gift from Yredelemnul (a mummy)
  4551 | D:6      | Found Xunanturch's Gadget Shop.
  5190 | D:7      | Reached skill level 9 in Unarmed Combat
  5511 | D:7      | Identified the Papyrus of Dusty Evil
  5536 | D:7      | Reached **** piety under Yredelemnul
  5584 | D:7      | Received a gift from Yredelemnul (a mummy)
  5811 | D:7      | Reached skill level 5 in Invocations
  6103 | D:8      | Reached XP level 10. HP: 98/98 MP: 12/12
  6351 | D:8      | Reached skill level 10 in Unarmed Combat
  6373 | D:8      | Found Voetoule's Weapon Shoppe.
  6766 | D:8      | Noticed an angel
  6767 | D:8      | Found a glowing silver altar of Zin.
  7174 | D:9      | Received a gift from Yredelemnul (4 flying skulls)
  7181 | D:9      | Noticed a two-headed ogre
  7189 | D:9      | Killed a two-headed ogre
  7514 | D:9      | Got a heavily runed marble ring
  7574 | D:10     | Entered Level 10 of the Dungeon
  7591 | D:10     | Killed an unseen horror
  7599 | D:10     | Noticed a two-headed ogre
  7607 | D:10     | Killed a two-headed ogre
  7811 | D:10     | Noticed an orange demon
  7815 | D:10     | Reached skill level 11 in Unarmed Combat
  8000 | D:10     | Noticed a two-headed ogre
  8006 | D:10     | Killed a two-headed ogre
  8040 | D:10     | Reached XP level 11. HP: 77/106 MP: 14/14
  8320 | D:10     | Killed an unseen horror
  8499 | D:11     | Received a gift from Yredelemnul (a wraith)
  8529 | D:11     | Noticed a red ugly thing
  8539 | D:11     | Killed a red ugly thing
  8574 | D:11     | Received a gift from Yredelemnul (2 flying skulls)
  8730 | D:11     | Identified the ring "Yfaur" {+Blink Dex+3} (You found it on level 9 of the Dungeon)
  8866 | D:11     | Noticed a cyan ugly thing
  8873 | D:11     | Killed a cyan ugly thing
  8927 | D:11     | Noticed a deep elf mage
  8934 | D:11     | Killed a deep elf mage
  8934 | D:11     | Reached skill level 12 in Unarmed Combat
  8991 | D:11     | Noticed a two-headed ogre
  8998 | D:11     | Killed a two-headed ogre
  9011 | D:11     | Received a gift from Yredelemnul (a wight)
  9213 | D:11     | Found a staircase to the Lair.
  9227 | Lair:1   | Entered Level 1 of the Lair of Beasts
  9292 | Lair:1   | Found a labyrinth entrance.
  9318 | Lab      | Entered a labyrinth
  9467 | Lab      | Noticed a minotaur
  9483 | Lab      | Killed a minotaur
  9563 | Lab      | Got a brightly glowing great mace
  9713 | Lair:1   | Noticed an oklob plant
  9727 | Lair:1   | Killed an oklob plant
 10266 | Lair:1   | You fall through a shaft!
 10382 | Lair:2   | Noticed Gastronok
 10393 | Lair:2   | Killed Gastronok
 10393 | Lair:2   | Reached XP level 12. HP: 119/119 MP: 16/16
 10520 | Lair:2   | Found a hole to the Spider Nest.
 11057 | Lair:2   | Reached skill level 13 in Unarmed Combat
 11680 | Lair:3   | Found a staircase to the Swamp.
 11697 | Lair:3   | Reached ***** piety under Yredelemnul
 11757 | Lair:3   | Noticed an eight-headed hydra
 11774 | Lair:3   | HP: 5/120 [13-headed hydra (10)]
 11774 | Lair:3   | Slain by a 13-headed hydra

Vault maps used:
D:1:      dpeg_arrival_shelter
D:2:      minmay_pentomino_t4
D:3:      fiery_altar_vehumet, kennysheep_vampire_church, lemuel_doored_altar,
          uniq_jessica, uniq_sigmund, uniq_robin
D:4:      minmay_temple_entry_crystal_x, uniq_eustachio
D:5:      first_ration, uniq_duvessa, uniq_prince_ribbit1
D:6:      basic_altar, serial_shops, shop, nicolae_sextant, lemuel_flame_loot_1
D:7:      grunt_livestock
D:8:      zin_angel, serial_shops, shop, hangedman_decor_slide_cut
D:11:     minmay_cornered_nines, grunt_lair_entry_orc_guard_hut, eino_jars
Lair:1:   lab_entry_generic, minmay_lair_oklob_items
Lair:2:   spider_nest_entry_rubble, eino_house_with_fridge, lemuel_fruit_tree,
          serial_bayou_shore_b, uniq_gastronok
Lair:3:   swamp_mist_pool, grunt_megastairs_3, uniq_fannar, uniq_urug
Lab:      labyrinth_mini_lab, nicolae_lab_starburst, nicolae_lab_x

Skill      XL: |  1  2  3  4  5  6  7  8  9 10 11 12 |
---------------+-------------------------------------+-----
Unarmed Combat | 4 5 6 8 9 11 12 13 | 13.1
Fighting       | 3 4 5 6 8 |  8.3
Dodging        | 3 4 5 6 8 |  8.2
Invocations    | 1 2 3 5 6 7 8 |  8.0
Stealth        | |  1.0

Action                   |  1- 3 |  4- 6 |  7- 9 | 10-12 || total
-------------------------+-------+-------+-------+-------++-------
Melee: Unarmed           |    78 |   178 |   329 |   394 ||   979
       Punch             |     1 |     6 |    18 |    31 ||    56
Invok: Animate Dead      |       |       |     4 |     7 ||    11
       Recall Undead Sla |       |       |     2 |     5 ||     7
       Injury Mirror     |       |       |       |     2 ||     2
       Drain Life        |       |       |       |     1 ||     1
Evoke: Wand              |       |       |       |     4 ||     4
  Use: Scroll            |       |     5 |    10 |     3 ||    18
       Potion            |       |     1 |     3 |     5 ||     9
 Stab: Sleeping          |     2 |     2 |     3 |     5 ||    12
       Distracted        |       |       |       |     4 ||     4
  Eat: Chunk             |     7 |    17 |    33 |    39 ||    96
       Ration            |       |       |       |     4 ||     4
Armor: Robe              |    16 |    55 |    66 |    92 ||   229
Dodge: Dodged            |    33 |   119 |   190 |   383 ||   725

Table legend:
 A = Spawn XP
 B = Non-spawn XP
 C = Spawn XP percentage of total XP
 D = Spawn monster count
 E = Non-spawn monster count
 F = Spawn count percentage of total count
 G = Total turns spent on level
                    A         B        C        D         E        F      G
               +---------+---------+-------+---------+---------+-------+---------
         Total |       0 |   26749 |   0.0 |       0 |     352 |   0.0 | 11774
               +---------+---------+-------+---------+---------+-------+---------
           D:1 |       0 |      26 |   0.0 |       0 |      16 |   0.0 |   779
           D:2 |       0 |     140 |   0.0 |       0 |      37 |   0.0 |   763
           D:3 |       0 |     643 |   0.0 |       0 |      50 |   0.0 |   872
           D:4 |       0 |     671 |   0.0 |       0 |      20 |   0.0 |   898
           D:5 |       0 |     977 |   0.0 |       0 |      13 |   0.0 |   800
           D:6 |       0 |     816 |   0.0 |       0 |      21 |   0.0 |  1025
           D:7 |       0 |    1852 |   0.0 |       0 |      29 |   0.0 |   895
           D:8 |       0 |     935 |   0.0 |       0 |      23 |   0.0 |  1098
           D:9 |       0 |    1852 |   0.0 |       0 |      24 |   0.0 |   444
          D:10 |       0 |    4200 |   0.0 |       0 |      23 |   0.0 |   898
          D:11 |       0 |    5626 |   0.0 |       0 |      54 |   0.0 |   755
        Lair:1 |       0 |    2076 |   0.0 |       0 |      11 |   0.0 |  1121
        Lair:2 |       0 |    3724 |   0.0 |       0 |      19 |   0.0 |   990
        Lair:3 |       0 |    1851 |   0.0 |       0 |       7 |   0.0 |   189
           Lab |       0 |    1360 |   0.0 |       0 |       5 |   0.0 |   247
               +---------+---------+-------+---------+---------+-------+---------
